AoeStats
← IsraDguez

Highland

505964184Analyzed
2v2 RM · 22d ago on Sep 11, 2026· 21m 35s· 4 players
Game mode
Random Map
Map size
Medium (4 player)
Population
200
Speed
Normal
Resources
Standard
Victory
Conquest
Starting age
Dark Age
Ending age
Imperial Age
RankedLock teamsTeams togetherTeam positionsShared explorationLock speedFull tech treeHidden civsTurbo modeCheats
Victory
Defeat
🇲🇽 Maya · Mexico
1041
+14
🇺🇸 Spanish · United States
858
+21
🇫🇷 Burgundians · France
1009
-19
🇫🇷 Vikings · France
956
-16
RodMe27
11:59 Feudal Age
10:16 Loom
17:31 Castle Age
16:41 Stone Mining
IsraDguez
0:37 Loom
10:02 Feudal Age
12:50 Scale Mail Armor
13:02 Forging
19:19 Castle Age
LoiParchemin856
2:29 Loom
11:45 Feudal Age
12:19 Double-Bit Axe
16:02 Gold Mining
22:42 Castle Age
King Benou
3:13 Loom
8:12 Double-Bit Axe
11:30 Feudal Age
11:36 Horse Collar
13:18 Heavy Plow
15:34 Wheelbarrow
15:17 Bow Saw
16:07 Forging
17:55 Scale Barding Armor
23:14 Castle Age
Connection lost

Rejoining the realm…

Still unreachable

The connection could not be restored.

Session expired

The server has moved on; the page needs a fresh start.